 Dungeon Crawl Stone Soup version 0.31-a0-1074-g0b22e4e0f1 (webtiles) character file.

Game seed: 6682006089908531151

86871 Jeffwins the Mimic (level 15, -6/138 HPs)
             Began as an Armataur Shapeshifter on Nov 26, 2023.
             Was an Initiate of Gozag.
             Shot with an arrow by a centaur warrior (17 damage)
             ... on level 14 of the Dungeon.
             The game lasted 00:47:28 (19862 turns).

Jeffwins the Mimic (Armataur Shapeshifter)         Turns: 19862, Time: 00:47:29

Health: -6/138     AC: 13    Str: 30    XL:     15   Next: 42%
Magic:  16/22      EV:  8    Int: 16    God:    Gozag
Gold:   1332       SH:  0    Dex: 13    Spells: 12/23 levels left

rFire   + +          .
                       - Unarmed
rCold   . . .        (shield currently unavailable)
rNeg    . . .        K - melded +3 leather armour {rF+}
rPois   +            W - melded +2 helmet
rElec   .            Q - melded +0 cloak
rCorr   .            (gloves currently unavailable)
SInv    .            M - melded +0 barding
Will    +....        g - amulet of regeneration
Stlth   ++++         O - +4 ring of protection
HPRegen 1.23/turn    C - ring of protection from cold
MPRegen 0.18/turn

%: clarity, roll
@: dragon-form, flying
A: dragon claw, dragon scales, breathe fire, flying, reduced hp, giant,
(deformed body), (tough skin 3), (armoured tail), roll 2, long tongue, (talons
1), thin skeletal structure 1, (camouflage 1), clarity, robust 1, screaming 1
a: Breathe Fire, Begin Untransformation, Renounce Religion, Potion Petition,
Call Merchant, Bribe Branch


You were on level 14 of the Dungeon.
You worshipped Gozag.
Gozag was most pleased with you.
You were a fearsome dragon!
You visited 4 branches of the dungeon, and saw 22 of its levels.
You also visited: Sewer and Ossuary.

You collected 7001 gold pieces.
You spent 4280 gold pieces at shops.
You paid 1389 gold pieces to Gozag.


Innate Abilities, Weirdness & Mutations

You are a fearsome dragon!
You have a powerful clawing attack.
Your giant scaled body is strong and resilient, but less evasive.
You can breathe fire.
You are flying.
Your maximum health is decreased, since you lack skill for your form.
Your armour is entirely melded.
You are incapable of wielding weapons or throwing items.
((Armour fits poorly on your strangely shaped body.))
((You have extremely tough skin. (AC +3)))
((You have a long armoured tail.))
You roll and regenerate health when moving toward enemies. (Rampage Heal)
Your long tongue fully drains potion bottles. (2x potion effects)
((You have sharp toenails.))
You have a somewhat thin skeletal structure. (Dex +2, Stealth+)
((Your skin changes colour to match your surroundings (Stealth+).))
You possess an exceptional clarity of mind.
You are robust. (+10% HP)
You occasionally shout uncontrollably at your foes.


   Skills:
 - Level 11.0 Fighting
 - Level 6.0 Throwing
 - Level 2.0 Dodging
 + Level 5.5 Stealth
 * Level 11.8 Unarmed Combat
 + Level 4.7 Spellcasting
 * Level 6.9 Summonings
 * Level 8.3 Translocations
 + Level 7.8 Evocations
 * Level 12.5 Shapeshifting


You had 12 spell levels left.
You knew the following spells:

 Your Spells              Type           Power      Damage    Failure   Level
b - Blink                 Tloc           60%        N/A       1%          2
x - Summon Forest         Summ/Tloc      14%        N/A       19%         5
z - Manifold Assault      Tloc           30%        N/A       4%          4

Your spell library contained the following spells:

 Spells                   Type           Power      Damage    Failure   Level
 Foxfire                  Conj/Fire      12%        2x1d4     16%         1
 Necrotise                Necr           12%        1d4       16%         1
 Sting                    Tmut/Pois      12%        1d3       16%         1
 Cigotuvi's Dreadful Rot  Necr/Pois/Air  6%         N/A       24%         2
 Passwall                 Tmut/Erth      2%         N/A       24%         2
 Poisonous Vapours        Pois/Air       6%         N/A       24%         2
 Dazzling Flash           Conj/Hex       6%         N/A       43%         3
 Ignite Poison            Fire/Tmut/Pois 3%         N/A       43%         3
 Vampiric Draining        Necr           3%         2d6       43%         3
 Dispel Undead            Necr           3%         3d7       83%         4
 Leda's Liquefaction      Hex/Erth       1%         N/A       83%         4
 Olgreb's Toxic Radiance  Pois           3%         N/A       83%         4
 Agony                    Necr           3%         N/A       99%         5
 Freezing Cloud           Conj/Ice/Air   1%         6-21      99%         5
 Irradiate                Conj/Tmut      1%         3d12      99%         5
 Lee's Rapid Deconstruct  Erth           1%         3d4*      99%         5
 Silence                  Hex/Air        1%         N/A       99%         5
 Bombard                  Conj/Erth      1%         9d1       100%        6
 Death Channel            Necr           1%         N/A       100%        6
 Eringya's Noxious Bog    Tmut/Pois      1%         4d6       100%        6
 Plasma Beam              Fire/Air       1%         2x1d11    100%        6
 Starburst                Conj/Fire      1%         6d3       100%        6
 Summon Hydra             Summ           12%        N/A       100%        7

Inventory:

Missiles
 q - 8 curare-tipped darts {=f}
 V - a throwing net {=f}
Armour
 e - the +1 leather armour of Nonkivic {Int+2}
   (You found it on level 4 of the Lair of Beasts)

   Int+2:     It affects your intelligence (+2).
 K - a +3 leather armour of fire resistance (melded)
 M - a +0 barding (melded)
 Q - a +0 cloak (melded)
 W - a +2 helmet (melded)
 Z - a +2 barding of cold resistance
Jewellery
 d - the ring "Ygerug" {rF+ Will+ Str+6 Dex-5}
   (You bought it in a shop on level 4 of the Lair of Beasts)

   [ring of strength]

   Str+6:     It affects your strength (+6).
   Dex-5:     It affects your dexterity (-5).
   rF+:       It protects you from fire.
   Will+:     It increases your willpower.
 g - an amulet of regeneration (around neck)
 o - a +4 ring of protection
 v - a ring of see invisible
 B - an amulet of magic regeneration
 C - a ring of protection from cold (right foreclaw)
 F - the ring of the Mage {Wiz Archmagi}
   (You bought it in a shop on level 2 of the Orcish Mines)

   [ring of wizardry]

   Wiz:       It improves your spell success rate.
   Archmagi:  It increases the power of your magical spells.
 N - a ring of positive energy
 O - a +4 ring of protection (left foreclaw)
 R - a ring of resist corrosion
Talismans
 l - a storm talisman
 H - a granite talisman
 Y - a dragon-blood talisman (active)
Wands
 a - a wand of flame (43)
 c - a wand of light (2)
 f - a wand of mindburst (11)
 E - a wand of digging (9)
 G - a wand of iceblast (6)
 P - a wand of polymorph (12)
 S - a wand of paralysis (12)
Scrolls
 b - 5 scrolls of enchant weapon
 h - 4 scrolls of fog
 m - 5 scrolls of enchant armour
 n - 8 scrolls of immolation {!r}
 p - 2 scrolls of butterflies
 r - 4 scrolls of teleportation {@r4}
 w - 2 scrolls of vulnerability {!r}
 x - 4 scrolls of blinking
 y - 4 scrolls of amnesia
 D - 3 scrolls of brand weapon
 T - 3 scrolls of identify {@r1}
 U - a scroll of revelation
Potions
 i - 5 potions of brilliance
 j - 4 potions of attraction {!q}
 k - 18 potions of curing {@q1}
 s - a potion of might
 t - 6 potions of mutation {!q}
 u - 8 potions of enlightenment
 z - 2 potions of heal wounds {@q2}
 A - 4 potions of cancellation
 I - a potion of resistance
 J - 3 potions of haste {@q3}
 L - 2 potions of invisibility
 X - a potion of magic

Dungeon Overview and Level Annotations

Branches:
Dungeon (14/15)            Temple (1/1) D:5            Lair (5/5) D:9
 Shoals (0/4) Lair:3        Snake (0/4) Lair:2        Slime (0/5) Lair:4
    Orc (2/2) D:11            Elf (0/3) Orc:2         Sewer (visited)
Ossuary (visited)
 Vaults: D:13-14

Altars:
Ashenzari
Cheibriados
Dithmenos
Elyvilon
Fedhas
Gozag
Hepliaklqana
Kikubaaqudgha
Makhleb
Nemelex Xobeh
Okawaru
Qazlal
Ru
Sif Muna
Trog
Uskayaw
Vehumet
Wu Jian
Xom
Yredelemnul
Zin
The Shining One

Shops:
D:2 ?   D:4 (   D:10 [   Orc:2 (*:=(   Lair:4 =!

Portals:
Abyss: Lair:5

Annotations:
Lair:5 2 transporters, Jeffwins's ghost, journeyman TrCj

.###.. ..[ ..
.......##..###....
........#...#......
......c............
#.................>
#................
...###?...............
.......<....)........###
#.###..D..............#.
#.##...##...............
#....<##............)... .
##......................#
..#........................
........(.................
#................p........
###..#.....................
#?#.##.....................


You could see a centaur warrior.


Message History

* * * LOW HITPOINT WARNING * * *
Unknown command.
Space becomes stable.
The manticore is distracted by your dazzling golden aura.
A centaur warrior comes into view. It is wielding a +0 great sword.
You roar at the centaur warrior!
The centaur warrior shouts!
You hear two shouts! x2; You hear a shout!
You completely miss the vault guard. You bite the vault guard.
The vault guard is almost dead.
The centaur warrior unwields a +0 great sword.
The centaur warrior wields a +0 orcbow.
The centaur warrior shoots an arrow.
The arrow closely misses you.
The vault guard hits you with a +2 war axe!
* * * LOW HITPOINT WARNING * * *
Blink to where?
Press: ? - help, Dir - move target
Found a stone staircase leading down.
As you read the scroll of blinking, it crumbles to dust.
A centaur warrior comes into view.
You have got your breath back.
The centaur warrior wields a +0 shortbow.
The centaur warrior shoots an arrow.
The arrow closely misses you.
Found a leather armour.
The centaur warrior shoots an arrow.
The arrow hits you!
* * * LOW HITPOINT WARNING * * *
The centaur warrior shoots an arrow.
The arrow hits you.
* * * LOW HITPOINT WARNING * * *
The centaur warrior shoots an arrow.
The arrow hits you!
You die...
Your body crumbles into a pile of gold.

Skill      XL: |  1  2  3  4  5  6  7  8  9 10 11 12 13 14 15 |
---------------+----------------------------------------------+-----
Shapeshifting  | 3 4 5 6 8 9 10 11 12 | 12.5
Fighting       | 3 5 6 8 9 10 11 | 11.0
Unarmed Combat | 4 5 7 8 9 10 11 | 11.8
Stealth        | 2 4 5 |  5.5
Dodging        | 2 |  2.0
Throwing       | 1 3 4 5 6 |  6.0
Evocations     | 1 3 5 6 7 |  7.8
Translocations | 3 5 7 8 |  8.3
Summonings     | 3 4 6 |  6.9
Spellcasting   | 1 3 4 |  4.7

Action                     |  1- 3 |  4- 6 |  7- 9 | 10-12 | 13-15 || total
---------------------------+-------+-------+-------+-------+-------++-------
  Melee: Unarmed           |   105 |   142 |   327 |   713 |   742 ||  2029
         Tailslap          |    11 |    19 |    44 |     5 |   113 ||   192
         Punch             |     2 |       |     2 |     2 |    52 ||    58
         Kick              |       |       |    39 |     1 |       ||    40
         Constrict         |       |       |     3 |   154 |       ||   157
         Bite              |       |       |       |     4 |   104 ||   108
   Cast: Summon Forest     |       |       |       |       |     3 ||     3
         Manifold Assault  |       |       |       |       |     3 ||     3
 Invoke: Call Merchant     |       |       |       |       |     2 ||     2
Ability: Breathe Fire      |       |       |       |       |    29 ||    29
  Evoke: Wand              |       |       |     4 |     7 |    12 ||    23
    Use: Scroll            |     6 |     1 |     4 |     9 |    10 ||    30
         Potion            |       |     1 |     8 |     2 |     2 ||    13
   Stab: Sleeping          |       |     1 |     2 |    15 |     4 ||    22
         Distracted        |       |       |       |     3 |     9 ||    12
         Invisible         |       |       |       |       |    12 ||    12
 Armour: Animal skin       |    57 |    53 |       |       |       ||   110
         Robe              |       |    35 |   329 |    15 |       ||   379
         Skin              |       |       |   247 |   495 |   710 ||  1452
  Dodge: Dodged            |    45 |    50 |   213 |   289 |   214 ||   811
   Form: Flux              |       |     1 |       |     1 |       ||     2
         Anaconda          |       |       |     1 |     1 |       ||     2
         Storm             |       |       |       |     1 |       ||     1
         Dragon            |       |       |       |     1 |     2 ||     3
                           |       |       |       |       |     1 ||     1
         Statue            |       |       |       |       |     1 ||     1

Levels and vault maps discovered:
D:1:      spicycebolla_arrival_clurvy, layout_loops_ring
D:2:      layout_rooms, serial_shops, nicolae_shop_real_fake_doors
D:3:      layout_basic, nicolae_kikubaaqudgha_miasma_corner,
          gup_sewer_entry_bubbles, uniq_jessica, uniq_grinder, uniq_natasha
D:4:      gammafunk_steamed_eel, layout_basic, serial_shops,
          nicolae_shop_bloodbath_and_beyond
D:5:      minmay_opposing_rooms, layout_rooms,
          mainiacjoe_overflow_cross_hatched, minmay_temple_entry_gardened_gates
D:6:      kennysheep_spiral_hall, layout_basic, mainiacjoe_overflow_alcove_2
D:7:      layout_rooms, jmf_multi_god_temple, ebering_ghost_disaster_area,
          uniq_jeremiah
D:8:      layout_cave_pools, mainiacjoe_overflow_alcove_1,
          nicolae_overflow_hallway_of_the_gods, enter_ossuary_5, uniq_joseph,
          uniq_pikel
D:9:      layout_basic, lair_entry_dummy
D:10:     wander_kiku_kobolds, layout_layer_cave, serial_shops, shop
D:11:     layout_loops_corners, david_orc_3, uniq_urug
D:12:     layout_basic
D:13:     layout_layer_cave, uniq_nessos, uniq_azrael, uniq_erolcha
D:14:     layout_cave_pools, david_vaults_5, gammafunk_ghost_hive,
          serial_column_ruins, column_ruins_open_small, column_ruins_open_tiny,
          column_ruins_corridor_straight
Temple:   nicolae_temple_ecumenical_triangle
Lair:1:   minmay_lair_oklob_chamber, layout_chaotic_city, minivault_26
Lair:2:   layout_chaotic_city, nicolae_snake_entry_warm_welcome, minivault_25,
          eino_house_with_fridge, grunt_megastairs_5, lemuel_fruit_fields
Lair:3:   layout_gridlike, elwin_shoals_entry_rocks, wad_woods_road_03,
          st_stairs_11, pf_torpor_hydra, lemuel_fruit_fields, uniq_gastronok,
          uniq_sonja
Lair:4:   beargit_carnivore_pack, layout_misc_corridors, slime_entry_1,
          chequers_serial_rivers_room_a, chequers_serial_rivers_micro_a
Lair:5:   hangedman_lair_caniforms_friends, layout_regular_city,
          guppyfry_lair_end_dragon, gammafunk_ghost_abyssal_escape,
          nicolae_lair_grazing_beasts [nicolae_sub_lair_graze_edge,
          nicolae_sub_lair_graze_edge, nicolae_sub_lair_graze_edge,
          nicolae_sub_lair_graze_edge], infiniplex_staircase_pool
Orc:1:    layout_caves, basic_altar
Orc:2:    grunt_orc_tribal_feast, layout_diamond_mine, serial_shops,
          nicolae_shop_tiny_real_fake_doors, basic_altar

Notes
Turn   | Place    | Note
-------+----------+-------------------------------------------
     0 | D:1      | Jeffwins the Armataur Shapeshifter began the quest for the
                  | Orb.
     0 | D:1      | Reached XP level 1. HP: 15/15 MP: 1/1
   110 | D:1      | Reached skill level 3 in Shapeshifting
   126 | D:1      | Reached XP level 2. HP: 22/22 MP: 2/2
   716 | D:2      | Reached XP level 3. HP: 27/27 MP: 3/3
   915 | D:2      | Found Towalafe's Magic Scroll Shoppe.
   918 | D:2      | Bought a scroll of immolation for 48 gold pieces
   918 | D:2      | Bought a scroll of identify for 24 gold pieces
   918 | D:2      | Bought a scroll of identify for 24 gold pieces
   918 | D:2      | Bought a scroll of noise for 12 gold pieces
   918 | D:2      | Bought a scroll of identify for 24 gold pieces
  1011 | D:2      | Reached skill level 4 in Shapeshifting
  1158 | D:3      | Found a glowing drain.
  1166 | D:3      | Reached XP level 4. HP: 31/34 MP: 4/4
  1172 | Sewer    | Entered a sewer
  1281 | Sewer    | Noticed a kobold brigand
  1304 | Sewer    | Killed a kobold brigand
  1305 | Sewer    | Reached skill level 5 in Shapeshifting
  1305 | Sewer    | Reached XP level 5. HP: 19/39 MP: 5/5
  1682 | D:3      | Found an ancient bone altar of Kikubaaqudgha.
  1722 | D:3      | Noticed Jessica
  1729 | D:3      | Killed Jessica
  2179 | D:3      | Noticed Grinder
  2179 | D:3      | Noticed Natasha
  2190 | D:3      | Paralysed by Grinder for 2 turns
  2201 | D:3      | Killed Grinder
  2202 | D:3      | Reached skill level 6 in Shapeshifting
  2202 | D:3      | Reached XP level 6. HP: 20/46 MP: 6/6
  2223 | D:3      | Killed Natasha
  2496 | D:3      | Noticed Natasha
  2507 | D:3      | Killed Natasha
  2579 | D:3      | Noticed Natasha
  2586 | D:3      | Killed Natasha
  2587 | D:3      | Gained mutation: You roll and regenerate health when moving
                  | toward enemies. (Rampage Heal) [Armataur growth]
  2587 | D:3      | Reached XP level 7. HP: 36/51 MP: 7/7
  2644 | D:4      | Found a transporter.
  2683 | D:4      | Found a transporter.
  2870 | D:4      | Reached skill level 7 in Shapeshifting
  3015 | D:2      | Bought a scroll of blinking for 90 gold pieces
  3015 | D:2      | Bought a scroll of amnesia for 48 gold pieces
  3106 | D:4      | Found Foasi's Weapon Boutique.
  3651 | D:4      | Reached skill level 8 in Shapeshifting
  3669 | D:4      | Identified the +0 helmet "Utiprer" {rF- Str+2 Int+3}
  3765 | D:5      | Entered Level 5 of the Dungeon
  3780 | D:5      | Found a basalt altar of Yredelemnul.
  3782 | D:5      | Noticed a yak
  3797 | D:5      | Killed a yak
  3798 | D:5      | Reached XP level 8. HP: 49/58 MP: 8/8
  3863 | D:5      | Reached skill level 1 in Fighting
  3874 | D:5      | Reached skill level 3 in Unarmed Combat
  3930 | D:5      | Reached skill level 1 in Stealth
  4000 | D:5      | Reached skill level 2 in Fighting
  4209 | D:5      | Reached skill level 2 in Dodging
  4262 | D:5      | Reached skill level 2 in Stealth
  4264 | D:5      | Found a staircase to the Ecumenical Temple.
  4311 | Temple   | Entered the Ecumenical Temple
  4440 | D:5      | Reached skill level 9 in Shapeshifting
  4517 | D:5      | You fall into a shaft and drop 3 floors!
  4576 | D:8      | Found a sand-covered staircase.
  4580 | Ossuary  | Entered an ossuary
  4581 | Ossuary  | Identified a potion of resistance
  4583 | Ossuary  | Gained mutation: You possess an exceptional clarity of
                  | mind. [potion of mutation]
  4583 | Ossuary  | Gained mutation: You have a somewhat thin skeletal
                  | structure. (Dex +2, Stealth+) [potion of mutation]
  4583 | Ossuary  | Gained mutation: You have sharp toenails. [potion of
                  | mutation]
  4583 | Ossuary  | Gained mutation: You occasionally shout uncontrollably at
                  | your foes. [potion of mutation]
  4583 | Ossuary  | Gained mutation: Your skin changes colour to match your
                  | surroundings (Stealth+). [potion of mutation]
  4583 | Ossuary  | Gained mutation: You are robust. (+10% HP) [potion of
                  | mutation]
  4598 | Ossuary  | Reached skill level 4 in Unarmed Combat
  4617 | Ossuary  | Reached skill level 3 in Fighting
  4648 | Ossuary  | Reached XP level 9. HP: 32/75 MP: 9/9
  4971 | D:8      | Found a hide-covered altar of Uskayaw.
  4993 | D:8      | Reached skill level 3 in Stealth
  5060 | D:8      | Noticed Pikel
  5082 | D:8      | Killed Pikel
  5083 | D:8      | Reached skill level 4 in Fighting
  5083 | D:8      | Reached skill level 5 in Unarmed Combat
  5105 | D:8      | Noticed a two-headed ogre
  5110 | D:8      | HP: 2/79 [two-headed ogre/+0 giant club (25)]
  5112 | D:8      | Killed a two-headed ogre
  5113 | D:8      | Reached skill level 1 in Throwing
  5113 | D:8      | Reached skill level 4 in Stealth
  5113 | D:8      | Reached skill level 1 in Evocations
  5245 | D:7      | Reached skill level 5 in Fighting
  5249 | D:7      | Noticed Jeremiah
  5342 | D:6      | Reached XP level 10. HP: 89/89 MP: 10/10
  5890 | D:6      | Reached skill level 6 in Unarmed Combat
  5890 | D:6      | Reached skill level 2 in Evocations
  6058 | Temple   | Became a worshipper of Gozag Ym Sagoz the Greedy
  6227 | D:6      | Found a glowing silver altar of Zin.
  6278 | D:7      | Reached skill level 10 in Shapeshifting
  6287 | D:7      | Killed Jeremiah
  6288 | D:7      | Reached skill level 2 in Throwing
  6288 | D:7      | Reached skill level 5 in Stealth
  6400 | D:7      | Found a large runed translucent door.
  6400 | D:7      | Found a large runed translucent door.
  6402 | D:7      | Noticed ShellytheWitch's ghost (novice KoBr)
  6435 | D:7      | Found a burning altar of Makhleb.
  6435 | D:7      | Found a sacrificial altar of Ru.
  6684 | D:7      | Killed ShellytheWitch's ghost
  6685 | D:7      | Reached skill level 6 in Fighting
  6865 | D:7      | Reached skill level 3 in Evocations
  7077 | D:8      | Reached skill level 3 in Throwing
  7077 | D:8      | Reached skill level 7 in Unarmed Combat
  7280 | D:8      | Found a snail-covered altar of Cheibriados.
  7284 | D:8      | Noticed Joseph
  7286 | D:8      | Found a hazy altar of Hepliaklqana.
  7292 | D:8      | Killed Joseph
  7296 | D:8      | Found a shadowy altar of Dithmenos.
  7296 | D:8      | Found a radiant altar of Vehumet.
  7303 | D:8      | Found a stormy altar of Qazlal.
  7449 | D:9      | Noticed a two-headed ogre
  7457 | D:9      | Killed a two-headed ogre
  7458 | D:9      | Reached XP level 11. HP: 99/100 MP: 11/11
  7480 | D:9      | Reached skill level 7 in Fighting
  7747 | D:9      | Noticed a two-headed ogre
  7755 | D:9      | Killed a two-headed ogre
  7756 | D:9      | Reached skill level 4 in Evocations
  7950 | D:9      | Found a staircase to the Lair.
  8368 | D:10     | Entered Level 10 of the Dungeon
  8525 | D:10     | Reached skill level 8 in Unarmed Combat
  8843 | D:11     | Reached skill level 4 in Throwing
  8901 | D:11     | Found a staircase to the Orcish Mines.
  9056 | D:11     | Reached skill level 8 in Fighting
  9075 | D:10     | Found Rattudopn's Antique Armour Shop.
  9092 | D:10     | Bought a runed scarf for 248 gold pieces
  9092 | D:10     | Bought a runed helmet for 232 gold pieces
  9227 | D:10     | Found an ancient bone altar of Kikubaaqudgha.
  9518 | D:10     | Got the Compilation of Flesh and Confrontation
  9695 | D:11     | Noticed Urug
  9708 | D:11     | Killed Urug
  9709 | D:11     | Reached skill level 5 in Evocations
 10321 | D:11     | Reached XP level 12. HP: 113/113 MP: 12/12
 10489 | D:12     | Learned a level 2 spell: Blink
 10494 | D:12     | Learned a level 4 spell: Manifold Assault
 10514 | D:12     | Learned a level 5 spell: Summon Forest
 10602 | D:12     | Reached skill level 9 in Unarmed Combat
 10693 | D:12     | Noticed a centaur warrior
 10707 | D:12     | Reached skill level 1 in Translocations
 10708 | D:12     | Killed a centaur warrior
 10709 | D:12     | Reached skill level 1 in Summonings
 11161 | Lair:1   | Entered Level 1 of the Lair of Beasts
 11217 | Lair:1   | Reached skill level 5 in Throwing
 11264 | Lair:1   | Reached skill level 2 in Translocations
 11280 | Lair:1   | Reached skill level 1 in Spellcasting
 11535 | Lair:1   | Reached skill level 2 in Summonings
 11701 | Lair:1   | Reached skill level 9 in Fighting
 11783 | Lair:1   | Reached skill level 3 in Translocations
 11821 | Lair:1   | Reached skill level 11 in Shapeshifting
 12266 | Lair:2   | Noticed a catoblepas
 12281 | Lair:2   | Killed a catoblepas
 12390 | Lair:2   | Reached skill level 3 in Summonings
 12511 | Lair:2   | Reached XP level 13. HP: 88/122 MP: 15/15
 12523 | Lair:2   | Reached skill level 2 in Spellcasting
 12529 | Lair:2   | Reached skill level 4 in Translocations
 12588 | Lair:2   | Found a staircase to the Snake Pit.
 12698 | Lair:2   | Reached skill level 6 in Evocations
 12786 | Lair:2   | Identified the +1 ring mail "Roduolah" {Rampage}
 13012 | Lair:2   | Reached skill level 10 in Unarmed Combat
 13574 | Lair:3   | Found a runed translucent door.
 13668 | Lair:3   | Reached skill level 4 in Summonings
 13701 | Lair:3   | Reached skill level 5 in Translocations
 13914 | Lair:3   | Found a staircase to the Shoals.
 13955 | Lair:3   | Noticed Gastronok
 14053 | Lair:3   | Noticed Sonja
 14057 | Lair:3   | Killed Sonja
 14135 | Lair:3   | Identified the +0 ring mail of Least Resistance {Will+}
 14476 | Lair:3   | Killed Gastronok
 14477 | Lair:3   | Reached skill level 10 in Fighting
 14654 | Lair:3   | Reached skill level 3 in Spellcasting
 14890 | Lair:4   | Reached skill level 6 in Throwing
 14918 | Lair:4   | Identified the +1 leather armour of Nonkivic {Int+2}
 15033 | Lair:4   | Reached XP level 14. HP: 67/133 MP: 18/18
 15195 | Lair:4   | Reached skill level 6 in Translocations
 15275 | Lair:4   | Reached skill level 5 in Summonings
 15391 | Lair:4   | Found a staircase to the Slime Pits.
 15635 | Lair:4   | Bought a potion of invisibility for 112 gold pieces
 15635 | Lair:4   | Bought a potion of mutation for 112 gold pieces
 15635 | Lair:4   | Bought a potion of brilliance for 56 gold pieces
 15635 | Lair:4   | Bought a potion of curing for 42 gold pieces
 15635 | Lair:4   | Bought a potion of haste for 140 gold pieces
 15635 | Lair:4   | Bought a potion of enlightenment for 70 gold pieces
 15637 | Lair:4   | Bought a granite talisman for 720 gold pieces
 15637 | Lair:4   | Bought the ring "Ygerug" {rF+ Will+ Str+6 Dex-5} for 541
                  | gold pieces
 15644 | Lair:5   | Entered Level 5 of the Lair of Beasts
 15939 | Lair:5   | Reached skill level 7 in Evocations
 15986 | Lair:5   | Reached skill level 11 in Unarmed Combat
 16171 | Lair:5   | Reached skill level 12 in Shapeshifting
 16210 | Lair:5   | Found a transporter.
 16214 | Lair:5   | Found a transporter.
 16217 | Lair:5   | Found a one-way gate to the infinite horrors of the Abyss.
 16217 | Lair:5   | Noticed a cacodemon
 16217 | Lair:5   | Noticed Jeffwins's ghost (journeyman TrCj)
 16541 | Lair:5   | Reached skill level 7 in Translocations
 16783 | Lair:5   | Reached skill level 4 in Spellcasting
 17259 | Orc:1    | Entered Level 1 of the Orcish Mines
 17499 | Orc:2    | Entered Level 2 of the Orcish Mines
 17500 | Orc:2    | Noticed an orc warlord
 17504 | Orc:2    | Reached skill level 6 in Summonings
 17513 | Orc:2    | Killed an orc warlord
 17554 | Orc:2    | Found a staircase to the Elven Halls.
 17557 | Orc:2    | Found a bloodstained altar of Trog.
 17562 | Orc:2    | Reached skill level 11 in Fighting
 17593 | Orc:2    | Found Tepackon's Weapon Shop.
 17841 | Orc:2    | Reached XP level 15. HP: 38/141 MP: 21/21
 17850 | Orc:2    | HP: 12/125 [orc sorcerer/bolt of negative energy (35)]
 18012 | Orc:2    | Found Tiso's Antique Weapon Shop.
 18012 | Orc:2    | Found Xivax's Jewellery Emporium.
 18014 | Orc:2    | Found Gethrilli's General Store.
 18014 | Orc:2    | Found Mazesiy's Book Shop.
 18026 | Orc:2    | Bought the ring of the Mage {Wiz Archmagi} for 765 gold
                  | pieces
 18026 | Orc:2    | Found the ring of the Mage {Wiz Archmagi}
 18029 | Orc:2    | Bought the +2 ring mail of Noxious Brilliance {Harm Will+++
                  | Regen+ Str-3} for 512 gold pieces
 18031 | Orc:2    | Bought a Trismegistus Codex for 260 gold pieces
 18031 | Orc:2    | Bought a Young Poisoner's Handbook for 200 gold pieces
 18580 | D:13     | Noticed Azrael
 18650 | D:13     | Killed Azrael
 18727 | D:13     | Noticed Nessos
 18732 | D:13     | Killed Nessos
 18820 | D:13     | Noticed Erolcha
 18827 | D:13     | Killed Erolcha
 19191 | D:13     | Reached skill level 8 in Translocations
 19655 | D:14     | HP: 12/137 [11-headed hydra (7)]
 19861 | D:14     | HP: 10/138 [centaur warrior/arrow (6)]
 19862 | D:14     | Shot with an arrow by a centaur warrior

Vanquished Creatures
  Gastronok (Lair:3)
  An orc warlord (Orc:2)
  Nessos (D:13)
  A dire elephant (Lair:5)
  Azrael (D:13)
  An ettin (Orc:1)
  A fire dragon (Lair:5)
  Erolcha (D:13)
  6 hydras
  2 catoblepae (Lair:2)
  A centaur warrior (D:12)
  A tengu warrior (D:13)
  3 orc high priests (Orc:2)
  3 two-headed ogres
  6 death yaks (Lair:5)
  Urug (D:11)
  Sonja (Lair:3)
  3 skysharks (Lair:4)
  A swamp dragon (Lair:5)
  The ghost of ShellytheWitch the Slicer, a novice KoBr of Dithmenos (D:7)
  A lindwurm (Lair:5)
  A necromancer (Lair:2)
  Pikel (D:8)
  4 orc knights (Orc:2)
  4 orc sorcerers (Orc:2)
  A wolf spider (D:14)
  6 ugly things
  A salamander (Lair:2)
  3 manticores
  2 cyclopes (D:13)
  5 oklob plants
  4 elephants (Lair:5)
  4 black mambas
  Joseph (D:8)
  16 cane toads
  4 gargoyles
  A torpor snail (Lair:3)
  5 rime drakes
  Jeremiah (D:7)
  A kobold demonologist (D:10)
  An efreet (D:14)
  15 komodo dragons
  A tengu conjurer (D:13)
  8 trolls
  2 polar bears
  A tarantella (shapeshifter) (D:14)
  A hornet (D:14)
  Grinder (D:3)
  23 blink frogs
  7 dream sheep (Lair:4)
  2 shadows
  16 slime creatures
  4 wyverns
  4 wraiths
  54 yaks
  4 fire elementals (D:13)
  3 basilisks
  4 steam dragons
  8 vampire mosquitoes
  5 wargs
  14 water moccasins
  4 acid dragons
  3 hell hounds (Lair:5)
  16 orc warriors
  3 sky beasts
  An ice beast (D:7)
  5 black bears
  4 ogres
  13 centaurs
  A lemure (D:8)
  30 wolves
  3 phantoms
  18 kobold brigands
  An elf zombie (Ossuary)
  12 bullfrogs
  2 gnoll sergeants
  4 scorpions
  12 wights
  3 killer bees (D:9)
  3 howler monkeys (D:12)
  5 electric eels
  3 lava snakes (Lair:2)
  14 orc priests
  4 hounds (D:5)
  A jelly (D:5)
  Jessica (D:3)
  3 human zombies (Ossuary)
  A sleepcap (D:6)
  5 iguanas
  Natasha (thrice) (D:3)
  20 orc wizards
  3 polar bear simulacra (Lair:2)
  4 yak simulacra (Lair:2)
  A wolf simulacrum (Lair:2)
  2 hound zombies (Ossuary)
  4 mummies (Ossuary)
  8 gnolls
  11 adders
  4 river rats
  4 shadow imps
  2 ufetubi (D:5)
  3 worms
  3 dart slugs
  50 orcs
  10 ball pythons
  9 endoplasms
  3 giant cockroaches
  A gnoll zombie (Ossuary)
  7 hobgoblins
  55 kobolds
  6 quokkas
  10 bats
  A frilled lizard (D:2)
  2 goblins
  2 goblin zombies (Ossuary)
  9 kobold skeletons (D:10)
  10 kobold zombies
  5 rats
  2 rat zombies (Ossuary)
  3 river rat simulacra (Lair:2)
713 creatures vanquished.

Vanquished Creatures (collateral kills)
  2 slime creatures (D:14)
  An orc wizard (D:14)
3 creatures vanquished.

Vanquished Creatures (others)
  A yak (Lair:2)
  An orc priest (Orc:2)
  2 kobolds
  3 snaplasher vines (D:14)
7 creatures vanquished.

Grand Total: 723 creatures vanquished

Table legend: (Time is in decaauts)
 A = Elapsed time spent in this place.
 B = Non-inter-level travel time spent in this place.
 C = Inter-level travel time spent in this place.
 D = Time resting spent in this place.
 E = Time spent auto-exploring this place.
 F = Levels seen in this place.
 G = Mean time per level.
                   A        B        C        D        E       F      G
               +--------+--------+--------+--------+--------+-----+--------+
         Total |  19606 |  18420 |   1186 |    964 |  13107 |  24 |  816.9 |
       Dungeon |  11700 |  10830 |    870 |    660 |   7762 |  14 |  835.7 |
        Temple |     22 |     11 |     11 |      0 |      0 |   1 |   22.0 |
          Lair |   5903 |   5687 |    216 |    304 |   3970 |   5 | 1180.6 |
  Orcish Mines |   1198 |   1111 |     87 |      0 |    864 |   2 |  599.0 |
         Sewer |    408 |    408 |      0 |      0 |    254 |   1 |  408.0 |
       Ossuary |    373 |    373 |      0 |      0 |    257 |   1 |  373.0 |
               +--------+--------+--------+--------+--------+-----+--------+

Top non-repeatable levels by time:
  Lair:3: 1329 daAuts
  Lair:5: 1329 daAuts
  Lair:2: 1192 daAuts
     D:3: 1174 daAuts
    D:13: 1118 daAuts
  Lair:1: 1086 daAuts
    D:11: 1081 daAuts
    D:10: 1036 daAuts
     D:4: 1018 daAuts
     D:5: 997 daAuts
  Lair:4: 965 daAuts
     D:9: 948 daAuts
   Orc:2: 844 daAuts
     D:8: 808 daAuts
    D:12: 772 daAuts

Table legend:
 A = Non-vault XP
 B = Vault XP
 C = Vault XP percentage of total XP
 D = Non-vault monster count
 E = Vault monster count
 F = Vault count percentage of total count
                 A         B        C        D         E       F
            +---------+---------+-------+---------+---------+-------
      Total |   83393 |   40709 |  32.8 |     477 |     239 |  33.4
            +---------+---------+-------+---------+---------+-------
        D:1 |      38 |       0 |   0.0 |      21 |       0 |   0.0
        D:2 |      31 |       0 |   0.0 |      12 |       0 |   0.0
        D:3 |     114 |     390 |  77.4 |      14 |       9 |  39.1
        D:4 |     431 |     214 |  33.2 |       8 |       4 |  33.3
        D:5 |    1256 |     328 |  20.7 |      17 |      10 |  37.0
        D:6 |     830 |     162 |  16.3 |      21 |       4 |  16.0
        D:7 |     958 |    1266 |  56.9 |      17 |       4 |  19.0
        D:8 |    3223 |    1046 |  24.5 |      28 |       2 |   6.7
        D:9 |    2941 |       0 |   0.0 |      25 |       0 |   0.0
       D:10 |    1138 |    1325 |  53.8 |      18 |      52 |  74.3
       D:11 |    4456 |    1252 |  21.9 |      26 |      10 |  27.8
       D:12 |    4160 |       0 |   0.0 |      24 |       0 |   0.0
       D:13 |    7165 |    3717 |  34.2 |      20 |       7 |  25.9
       D:14 |    6662 |    1338 |  16.7 |      20 |       4 |  16.7
     Lair:1 |    3933 |    4470 |  53.2 |      21 |      13 |  38.2
     Lair:2 |    6699 |    3401 |  33.7 |      22 |      23 |  51.1
     Lair:3 |    8919 |    4468 |  33.4 |      43 |       8 |  15.7
     Lair:4 |    9824 |    1529 |  13.5 |      36 |       2 |   5.3
     Lair:5 |   14628 |    7741 |  34.6 |      40 |      27 |  40.3
      Orc:1 |    2324 |       0 |   0.0 |      13 |       0 |   0.0
      Orc:2 |    3663 |    7562 |  67.4 |      31 |      29 |  48.3
      Sewer |       0 |     164 | 100.0 |       0 |      15 | 100.0
    Ossuary |       0 |     336 | 100.0 |       0 |      16 | 100.0
            +---------+---------+-------+---------+---------+-------
